[Event "EYCC Open U14 2021"]
[Site "Tornelo"]
[Date "2021.10.15"]
[Round "4.8"]
[White "Ponomarev, Vsevolod"]
[Black "Veselov, Yaroslav"]
[Result "1/2-1/2"]
[ECO "B84"]
[WhiteElo "2135"]
[BlackElo "1922"]
[Annotator "ChessBase"]
[PlyCount "90"]
[EventDate "2021.10.15"]
[EventType "swiss"]
[EventCountry "NET"]
[SourceTitle "playchess.com"]
[Source "ChessBase"]
[SourceQuality "1"]
[TimeControl "5400+30"]

1. e4 c5 2. Nf3 e6 3. d4 cxd4 4. Nxd4 Nc6 5. Nc3 Qc7 6. Be2 a6 7. f4 d6 8. Be3 Nf6 9. Qd2 Be7 10. O-O-O O-O 11. g4 b5 12. g5 Nd7 13. a3 Bb7 14. Rhf1 Nxd4 15. Bxd4 e5 16. Be3 exf4 17. Bxf4 Ne5 18. Nd5 Bxd5 19. exd5 Rfd8 20. Bd3 Bf8 21. Bxe5 dxe5 22. h4 b4 23. axb4 Rab8 24. g6 hxg6 25. h5 Bxb4 26. c3 e4 27. Bxe4 Rdc8 28. Kc2 Qc4 29. Qd3 gxh5 30. Qxc4 Rxc4 31. Kd3 Rcc8 32. cxb4 Rxb4 33. Rc1 Re8 34. Rfe1 Rxb2 35. Rb1 Rf2 36. Rf1 Ra2 37. Ra1 Rb2 38. Rab1 Ra2 39. Ra1 Rb2 40. Rfb1 Rh2 41. Rh1 Rb2 42. Rab1 Ra2 43. Ra1 Rb2 44. Rhb1 Rh2 45. Rh1 Rb2 1/2-1/2

[Event "EYCC Open U14 2021"]
[Site "Tornelo"]
[Date "2021.10.15"]
[Round "4.9"]
[White "Macias Pino, Diego"]
[Black "Ciocani, Iosif"]
[Result "1-0"]
[ECO "B38"]
[WhiteElo "2365"]
[BlackElo "2026"]
[Annotator "ChessBase"]
[PlyCount "47"]
[EventDate "2021.10.15"]
[EventType "swiss"]
[EventCountry "NET"]
[SourceTitle "playchess.com"]
[Source "ChessBase"]
[SourceQuality "1"]
[TimeControl "5400+30"]

1. e4 c5 2. Nf3 Nc6 3. d4 cxd4 4. Nxd4 g6 5. c4 Bg7 6. Be3 d6 7. Nc3 Nf6 8. Be2 O-O 9. O-O a5 10. c5 Re8 11. Rc1 Bf8 12. cxd6 exd6 13. Bg5 Be7 14. Ndb5 Be6 15. Kh1 Qd7 16. f3 Red8 17. Na4 Ra6 18. Nbc3 Nb4 19. a3 Nc6 20. Bxa6 bxa6 21. Nb6 Qb7 22. Bxf6 Bxf6 23. Ncd5 Bg7 24. Rxc6 1-0

[Event "EYCC Open U14 2021"]
[Site "Tornelo"]
[Date "2021.10.15"]
[Round "4.10"]
[White "Kanov, Nikola"]
[Black "Colev, Ivor"]
[Result "1-0"]
[ECO "B81"]
[WhiteElo "2150"]
[BlackElo "2004"]
[Annotator "ChessBase"]
[PlyCount "71"]
[EventDate "2021.10.15"]
[EventType "swiss"]
[EventCountry "NET"]
[SourceTitle "playchess.com"]
[Source "ChessBase"]
[SourceQuality "1"]
[TimeControl "5400+30"]

1. e4 c5 2. Nf3 d6 3. d4 cxd4 4. Nxd4 Nf6 5. Nc3 e6 6. g4 h6 7. Be3 Nc6 8. Rg1 Be7 9. h4 h5 10. gxh5 Nxh5 11. Be2 g6 12. Qd2 a6 13. Nxc6 bxc6 14. O-O-O Qc7 15. Bc4 Rb8 16. Bb3 Bd7 17. f4 Qb7 18. f5 c5 19. Qe2 Bb5 20. Nxb5 Qxb5 21. c4 Qc6 22. fxe6 fxe6 23. Qc2 Kd8 24. Rxg6 Bf6 25. Rxf6 Nxf6 26. Bg5 Ke7 27. Ba4 Qb7 28. e5 dxe5 29. Rd7+ Qxd7 30. Bxd7 Kxd7 31. Bxf6 Rhg8 32. Qh7+ Kc6 33. Qe4+ Kb6 34. Qxe5 Rg1+ 35. Kc2 Rg2+ 36. Kc3 1-0

[Event "EYCC Open U14 2021"]
[Site "Tornelo"]
[Date "2021.10.15"]
[Round "4.11"]
[White "Rakovsky, Jakub"]
[Black "Lavrencic, Matic"]
[Result "0-1"]
[ECO "B86"]
[WhiteElo "1916"]
[BlackElo "2149"]
[Annotator "ChessBase"]
[PlyCount "92"]
[EventDate "2021.10.15"]
[EventType "swiss"]
[EventCountry "NET"]
[SourceTitle "playchess.com"]
[Source "ChessBase"]
[SourceQuality "1"]
[TimeControl "5400+30"]

1. e4 c5 2. Nf3 d6 3. d4 cxd4 4. Nxd4 Nf6 5. Nc3 a6 6. Bc4 e6 7. Bb3 Nbd7 8. f4 b5 9. f5 Nc5 10. O-O Bd7 11. Bg5 Be7 12. Bxf6 Bxf6 13. Nxe6 Bxe6 14. fxe6 fxe6 15. Qg4 Qe7 16. Ne2 O-O 17. c3 Nxb3 18. axb3 Qa7+ 19. Kh1 Rae8 20. Rf3 Be5 21. Rxf8+ Kxf8 22. Nf4 Kg8 23. Nxe6 Qd7 24. Rxa6 Qxe6 25. Qxe6+ Rxe6 26. Rb6 Bf6 27. Rxb5 Rxe4 28. Kg1 Re2 29. Rd5 Rxb2 30. Rxd6 Bxc3 31. Rd3 Rxb3 32. Rd8+ Kf7 33. Kf2 Bf6 34. Rd1 h5 35. Rd5 Kg6 36. g3 Rb2+ 37. Kg1 Re2 38. Kh1 Re5 39. Rd3 Kg5 40. Kg2 Rc5 41. Kh3 Kf5 42. Rd2 g5 43. Rf2+ Kg6 44. Rd2 Rb5 45. Rd3 Rb2 46. g4 Be5 0-1

[Event "EYCC Open U14 2021"]
[Site "Tornelo"]
[Date "2021.10.15"]
[Round "4.12"]
[White "Pashikyan, Rudolf"]
[Black "Makridis, Dimitrios"]
[Result "1-0"]
[ECO "B31"]
[WhiteElo "1831"]
[BlackElo "2138"]
[Annotator "ChessBase"]
[PlyCount "95"]
[EventDate "2021.10.15"]
[EventType "swiss"]
[EventCountry "NET"]
[SourceTitle "playchess.com"]
[Source "ChessBase"]
[SourceQuality "1"]
[TimeControl "5400+30"]

1. e4 c5 2. Nf3 Nc6 3. Bb5 g6 4. Bxc6 dxc6 5. d3 Bg7 6. h3 Nf6 7. Nc3 Nd7 8. Be3 e5 9. O-O b6 10. Qc1 h6 11. a3 Nf8 12. b4 Ne6 13. bxc5 bxc5 14. Ne2 f5 15. exf5 gxf5 16. Rb1 f4 17. Bd2 Ng5 18. Nxg5 hxg5 19. f3 O-O 20. Bc3 Ba6 21. Qe1 c4 22. dxc4 Bxc4 23. Rf2 Qd5 24. Ba1 Rab8 25. Nc3 Qd4 26. Ne4 Qe3 27. Rd1 Rfd8 28. Kh2 Rxd1 29. Qxd1 Bd5 30. Re2 Qxa3 31. Nxg5 Qe7 32. h4 Rd8 33. Qd3 Bf6 34. c4 e4 35. Bxf6 Qxf6 36. fxe4 Bf7 37. Qh3 Bxc4 38. Rf2 Kh8 39. Qg4 Bg8 40. Rxf4 Qh6 41. e5 Rf8 42. e6 Re8 43. Nf7+ Bxf7 44. exf7 Rf8 45. Rf5 Qd6+ 46. Kh3 Qd3+ 47. g3 Qb1 48. Rh5+ 1-0

[Event "EYCC Open U14 2021"]
[Site "Tornelo"]
[Date "2021.10.15"]
[Round "8.8"]
[White "Kanov, Nikola"]
[Black "Krawczyk, Flawian"]
[Result "1/2-1/2"]
[ECO "B90"]
[WhiteElo "2150"]
[BlackElo "2070"]
[Annotator "ChessBase"]
[PlyCount "74"]
[EventDate "2021.10.15"]
[EventType "swiss"]
[EventCountry "NET"]
[SourceTitle "playchess.com"]
[Source "ChessBase"]
[SourceQuality "1"]
[TimeControl "5400+30"]

1. e4 c5 2. Nf3 d6 3. d4 cxd4 4. Nxd4 Nf6 5. Nc3 a6 6. Be3 e5 7. Nb3 h5 8. f3 Be6 9. Qd2 Nbd7 10. Nd5 Bxd5 11. exd5 g6 12. Be2 Bg7 13. c4 h4 14. Na5 Qc7 15. O-O Nh5 16. Rac1 f5 17. b4 h3 18. Bd3 hxg2 19. Qxg2 Kf7 20. c5 Nf4 21. Bxf4 exf4 22. Kh1 Ne5 23. cxd6 Qxd6 24. Nc4 Nxc4 25. Bxc4 Bd4 26. Rfd1 Be3 27. Rc2 Rac8 28. Bb3 Kg7 29. a3 Rhe8 30. Ba4 Rxc2 31. Qxc2 Re7 32. Bb3 Rc7 33. Qb2+ Kh7 34. Kg2 b5 35. h4 Rc8 36. Rh1 Qe7 37. Rd1 Qd6 1/2-1/2

[Event "EYCC Open U14 2021"]
[Site "Tornelo"]
[Date "2021.10.15"]
[Round "8.11"]
[White "Uritsky, Yonathan"]
[Black "Aamodt, Peder Marcus"]
[Result "1-0"]
[ECO "B11"]
[WhiteElo "2081"]
[BlackElo "1808"]
[Annotator "ChessBase"]
[PlyCount "127"]
[EventDate "2021.10.15"]
[EventType "swiss"]
[EventCountry "NET"]
[SourceTitle "playchess.com"]
[Source "ChessBase"]
[SourceQuality "1"]
[TimeControl "5400+30"]

1. e4 c6 2. Nc3 d5 3. Nf3 dxe4 4. Nxe4 Nf6 5. Qe2 Bf5 6. Nxf6+ gxf6 7. d3 Nd7 8. g3 Ne5 9. Nxe5 Qa5+ 10. Bd2 Qxe5 11. Qxe5 fxe5 12. Bc3 f6 13. Bg2 O-O-O 14. O-O-O Bh6+ 15. Kb1 Rd7 16. Bf3 Rhd8 17. Rhe1 Kb8 18. h4 Rg8 19. a3 Bg4 20. Bxg4 Rxg4 21. Ka2 b6 22. Rg1 Rg8 23. Rde1 Kb7 24. Re4 Rg6 25. Rge1 Bf8 26. g4 e6 27. f3 Bc5 28. h5 Rg8 29. b4 Bf2 30. Rf1 Bg3 31. Re2 Bf4 32. Bd2 Bxd2 33. Rxd2 f5 34. Rg2 h6 35. Re1 Rd5 36. Ree2 f4 37. Re4 Rg5 38. Rge2 Kc7 39. Kb3 Kd6 40. a4 a5 41. Re1 axb4 42. Rxb4 Kc7 43. Rbe4 Kd6 44. Kc3 Rc5+ 45. Kd2 Rd5 46. Rb1 Kc7 47. Reb4 b5 48. axb5 c5 49. Ra4 Rd6 50. Ra7+ Kb8 51. Rh7 e4 52. fxe4 Rxg4 53. Rxh6 Rg2+ 54. Kc3 f3 55. Rf6 Rh2 56. h6 Kc7 57. Rf1 e5 58. R1xf3 Rxh6 59. Rxh6 Rxh6 60. Kc4 Kb6 61. Rf5 Rh2 62. Rf6+ Kc7 63. c3 Rc2 64. Rc6+ 1-0

[Event "EYCC Open U14 2021"]
[Site "Tornelo"]
[Date "2021.10.15"]
[Round "8.12"]
[White "Poupalos, Nikolaos"]
[Black "Seyid, Huseyn"]
[Result "1/2-1/2"]
[ECO "B12"]
[WhiteElo "1964"]
[BlackElo "1781"]
[Annotator "ChessBase"]
[PlyCount "57"]
[EventDate "2021.10.15"]
[EventType "swiss"]
[EventCountry "NET"]
[SourceTitle "playchess.com"]
[Source "ChessBase"]
[SourceQuality "1"]
[TimeControl "5400+30"]

1. e4 c6 2. d4 d5 3. e5 Bf5 4. h4 h5 5. Bd3 Bxd3 6. Qxd3 e6 7. Nf3 Qb6 8. O-O Ne7 9. Nbd2 Nf5 10. c4 Be7 11. g3 Na6 12. a3 Nc7 13. b4 dxc4 14. Nxc4 Qa6 15. Bg5 Bxg5 16. Nxg5 Rd8 17. Rfd1 O-O 18. Qc2 Nb5 19. Ne3 Nbxd4 20. Rxd4 Rxd4 21. Nxf5 exf5 22. e6 fxe6 23. Nxe6 Qc4 24. Nxd4 Qxd4 25. Rd1 Qe5 26. Qc4+ Kh8 27. Qd4 Qxd4 28. Rxd4 Rf7 29. Kg2 1/2-1/2

[Event "EYCC Open U14 2021"]
[Site "Tornelo"]
[Date "2021.10.15"]
[Round "9.1"]
[White "Habans Aguerrea, Javier"]
[Black "Seemann, Jakub"]
[Result "1-0"]
[ECO "A13"]
[WhiteElo "2308"]
[BlackElo "2299"]
[Annotator "ChessBase"]
[PlyCount "91"]
[EventDate "2021.10.15"]
[EventType "swiss"]
[EventCountry "NET"]
[SourceTitle "playchess.com"]
[Source "ChessBase"]
[SourceQuality "1"]
[TimeControl "5400+30"]

1. c4 e6 2. g3 d5 3. Bg2 dxc4 4. Qa4+ Nd7 5. Qxc4 Ngf6 6. Nf3 a6 7. Qc2 Rb8 8. O-O Be7 9. Rd1 O-O 10. d4 b5 11. Ne5 Nxe5 12. dxe5 Nd5 13. Nc3 Nb4 14. Qe4 Qe8 15. a3 Nd5 16. Nxd5 exd5 17. Qxd5 Be6 18. Qe4 Bc4 19. Bf4 g5 20. Be3 f5 21. Qc2 f4 22. Ba7 Ra8 23. b3 Bxe2 24. Bxa8 Qxa8 25. Qxe2 Qxa7 26. g4 f3 27. Qe3 c5 28. e6 Qb8 29. Rd7 Qe8 30. Rad1 h5 31. Qe4 hxg4 32. R1d5 Rf6 33. Rxg5+ Kh8 34. Qxg4 Rh6 35. Rg7 Qb8 36. h3 Rh4 37. Qxh4+ Bxh4 38. Rh7+ Kg8 39. Rdg7+ Kf8 40. Rh8+ Kxg7 41. Rxb8 Kf6 42. Rb6 Ke5 43. Rxa6 c4 44. bxc4 bxc4 45. Rc6 Kd5 46. Rc7 1-0

[Event "EYCC Open U14 2021"]
[Site "Tornelo"]
[Date "2021.10.15"]
[Round "9.2"]
[White "Zakharov, Alexey O."]
[Black "Palczert, Matyas"]
[Result "1-0"]
[ECO "C00"]
[WhiteElo "1962"]
[BlackElo "2204"]
[Annotator "ChessBase"]
[PlyCount "55"]
[EventDate "2021.10.15"]
[EventType "swiss"]
[EventCountry "NET"]
[SourceTitle "playchess.com"]
[Source "ChessBase"]
[SourceQuality "1"]
[TimeControl "5400+30"]

1. Nf3 Nf6 2. g3 d5 3. Bg2 e6 4. O-O Be7 5. d3 O-O 6. Nbd2 c5 7. e4 Nc6 8. e5 Nd7 9. Re1 Qc7 10. Qe2 b5 11. Nf1 Bb7 12. h4 Rfc8 13. Bf4 Qd8 14. h5 h6 15. Qd2 Bf8 16. N1h2 a5 17. g4 Ne7 18. g5 hxg5 19. Bxg5 Qe8 20. Qf4 Nf5 21. Bh3 d4 22. Nh4 Nxh4 23. Qxh4 Nb6 24. Ng4 Qc6 25. Re4 Qe8 26. h6 Bxe4 27. hxg7 Bxg7 28. Nf6+ 1-0

[Event "EYCC Open U14 2021"]
[Site "Tornelo"]
[Date "2021.10.15"]
[Round "9.3"]
[White "Ponomarev, Vsevolod"]
[Black "Taspinar, Yanki"]
[Result "0-1"]
[ECO "C56"]
[WhiteElo "2135"]
[BlackElo "2147"]
[Annotator "ChessBase"]
[PlyCount "84"]
[EventDate "2021.10.15"]
[EventType "swiss"]
[EventCountry "NET"]
[SourceTitle "playchess.com"]
[Source "ChessBase"]
[SourceQuality "1"]
[TimeControl "5400+30"]

1. e4 e5 2. Nf3 Nc6 3. d4 exd4 4. Bc4 Nf6 5. e5 d5 6. Bb5 Ne4 7. Nxd4 Bd7 8. Bxc6 bxc6 9. O-O Bc5 10. f3 Ng5 11. f4 Ne4 12. Be3 Bb6 13. Nd2 Nxd2 14. Qxd2 c5 15. Nf3 d4 16. Bf2 Bc6 17. Bh4 Qd7 18. Rad1 Qg4 19. h3 Qh5 20. Qe1 Qf5 21. Qg3 Qg6 22. Ng5 Qf5 23. e6 O-O 24. exf7+ Kh8 25. Rde1 h6 26. Ne6 Rxf7 27. Nd8 Rxd8 28. Bxd8 Qxc2 29. Re7 Rxe7 30. Bxe7 Qf5 31. b3 Be4 32. Qe1 Qe6 33. Bh4 Qg6 34. g4 Bb7 35. f5 Qc6 36. Qg3 c4 37. Kh2 Bc5 38. Qg1 d3 39. Bf2 Qd6+ 40. Qg3 Bxf2 41. Qxd6 cxd6 42. bxc4 d2 0-1

[Event "EYCC Open U14 2021"]
[Site "Tornelo"]
[Date "2021.10.15"]
[Round "9.4"]
[White "Macias Pino, Diego"]
[Black "Khubukshanov, Erdem"]
[Result "0-1"]
[ECO "B11"]
[WhiteElo "2365"]
[BlackElo "2373"]
[Annotator "ChessBase"]
[PlyCount "74"]
[EventDate "2021.10.15"]
[EventType "swiss"]
[EventCountry "NET"]
[SourceTitle "playchess.com"]
[Source "ChessBase"]
[SourceQuality "1"]
[TimeControl "5400+30"]

1. e4 c6 2. Nc3 d5 3. Nf3 dxe4 4. Nxe4 Nf6 5. Qe2 Nxe4 6. Qxe4 Nd7 7. Bc4 Nf6 8. Ne5 e6 9. Qe2 b5 10. Bd3 Bb7 11. a4 a6 12. b3 Bc5 13. c3 Qd5 14. O-O Qxb3 15. axb5 cxb5 16. c4 b4 17. Ba3 bxa3 18. Rfb1 Qa4 19. Rxb7 O-O 20. Nf3 Rab8 21. Rxb8 Rxb8 22. h3 Rd8 23. Be4 a5 24. Bb1 Qb3 25. d3 Qc3 26. Ra2 Rb8 27. Qc2 Qb4 28. Ra1 g6 29. Kf1 Qb2 30. Qxb2 Rxb2 31. d4 Bb4 32. c5 Kf8 33. Ne5 Bc3 34. c6 Ne8 35. Bd3 a2 36. Nc4 Rxf2+ 37. Kxf2 Bxa1 0-1

[Event "EYCC Open U14 2021"]
[Site "Tornelo"]
[Date "2021.10.15"]
[Round "9.5"]
[White "Vergara Anton, Diego"]
[Black "Uritsky, Yonathan"]
[Result "1/2-1/2"]
[ECO "A49"]
[WhiteElo "2258"]
[BlackElo "2081"]
[Annotator "ChessBase"]
[PlyCount "179"]
[EventDate "2021.10.15"]
[EventType "swiss"]
[EventCountry "NET"]
[SourceTitle "playchess.com"]
[Source "ChessBase"]
[SourceQuality "1"]
[TimeControl "5400+30"]

1. d4 Nf6 2. Nf3 g6 3. g3 Bg7 4. Bg2 O-O 5. O-O c5 6. dxc5 Na6 7. Be3 Qc7 8. Nc3 Nxc5 9. Nb5 Qb6 10. a4 Ng4 11. Bd4 Bxd4 12. Qxd4 d6 13. Rfd1 Bd7 14. Nc3 Nf6 15. a5 Qc7 16. Nd5 Nxd5 17. Qxd5 Rac8 18. Qg5 Bc6 19. Qh6 Ne6 20. c3 b6 21. h4 Be4 22. h5 Qc5 23. hxg6 fxg6 24. Bh3 Bf5 25. Bxf5 Rxf5 26. Qh4 Rf6 27. axb6 Qxb6 28. Rd2 Rcf8 29. Qc4 Kh8 30. Qa6 Ng5 31. Qxb6 Nxf3+ 32. exf3 axb6 33. f4 Rc8 34. Ra7 Re6 35. Rb7 Rc6 36. Rd5 Rc5 37. Rd4 Rc6 38. Rb4 d5 39. Rd4 Rcd6 40. Ra7 Kg7 41. Kf1 Kf6 42. Ra1 Rd7 43. Rad1 Red6 44. Re1 Re6 45. Rxe6+ Kxe6 46. Rb4 Rd6 47. Ke2 Kf5 48. Ke3 Kg4 49. Kd4 Kf3 50. Ke5 h5 51. f5 g5 52. Ra4 Rd7 53. Ke6 Rc7 54. Kf7 Kxf2 55. Kg6 Kxg3 56. Kxh5 Rc4 57. Rxc4 dxc4 58. Kxg5 Kf3 59. Kg6 Ke4 60. Kf7 Kxf5 61. Kxe7 Ke5 62. Kd7 Kd5 63. Kc7 Kc5 64. Kb7 Kb5 65. Kc7 Ka5 66. Kc6 b5 67. Kc5 Ka6 68. Kc6 Ka5 69. Kb7 b4 70. Kc6 bxc3 71. bxc3 Ka6 72. Kc5 Kb7 73. Kb5 Kc7 74. Kxc4 Kc6 75. Kd4 Kd6 76. c4 Kc6 77. c5 Kc7 78. Kd5 Kd7 79. Kc4 Kc6 80. Kb4 Kc7 81. Kb5 Kb7 82. c6+ Kc7 83. Kc5 Kc8 84. Kd5 Kc7 85. Kc5 Kc8 86. Kb4 Kc7 87. Kb5 Kc8 88. Kb6 Kb8 89. c7+ Kc8 90. Kc6 1/2-1/2

[Event "EYCC Open U14 2021"]
[Site "Tornelo"]
[Date "2021.10.15"]
[Round "9.6"]
[White "Krawczyk, Flawian"]
[Black "Tarhan, Adar"]
[Result "1-0"]
[ECO "D06"]
[WhiteElo "2070"]
[BlackElo "2208"]
[Annotator "ChessBase"]
[PlyCount "127"]
[EventDate "2021.10.15"]
[EventType "swiss"]
[EventCountry "NET"]
[SourceTitle "playchess.com"]
[Source "ChessBase"]
[SourceQuality "1"]
[TimeControl "5400+30"]

1. d4 d5 2. Nf3 Bf5 3. c4 e6 4. Nc3 Nf6 5. Bg5 Be7 6. Bxf6 Bxf6 7. cxd5 exd5 8. Qb3 Nc6 9. Qxd5 Nxd4 10. Nxd4 Qxd5 11. Nxd5 Bxd4 12. Nxc7+ Ke7 13. Nd5+ Ke6 14. Nc3 Rhc8 15. Rc1 b5 16. e3 Bxc3+ 17. Rxc3 b4 18. Rc4 Ke7 19. Kd2 a5 20. Bd3 Be6 21. Rxc8 Rxc8 22. a3 bxa3 23. bxa3 Rd8 24. Rc1 Rb8 25. Rb1 Rd8 26. Rb7+ Kf6 27. Rb6 Ke7 28. Rb7+ Kf8 29. Ke2 a4 30. Rb4 Bb3 31. e4 g6 32. f4 Rc8 33. Kd2 Kg7 34. g4 Rc5 35. h4 Rc8 36. g5 Rc7 37. f5 h6 38. Rb6 hxg5 39. hxg5 Rc5 40. Rb5 Rc7 41. Rb6 Rc5 42. Ra6 Re5 43. Kc3 Rc5+ 44. Kd4 Rc1 45. fxg6 fxg6 46. e5 Ra1 47. e6 Rxa3 48. e7 Bf7 49. Rxg6+ Kh8 50. Rf6 Kg7 51. Rg6+ Kh8 52. Rh6+ Kg7 53. Rh7+ Kg8 54. Bc4 Kxh7 55. Bxf7 Rg3 56. g6+ Kg7 57. e8=Q Rg4+ 58. Ke3 a3 59. Qe5+ Kf8 60. g7+ Kxf7 61. Qf5+ Kg8 62. Qxg4 a2 63. Qe6+ Kh7 64. g8=Q# 1-0

[Event "EYCC Open U14 2021"]
[Site "Tornelo"]
[Date "2021.10.15"]
[Round "9.7"]
[White "Lavrencic, Matic"]
[Black "Kanov, Nikola"]
[Result "0-1"]
[ECO "C60"]
[WhiteElo "2149"]
[BlackElo "2150"]
[Annotator "ChessBase"]
[PlyCount "110"]
[EventDate "2021.10.15"]
[EventType "swiss"]
[EventCountry "NET"]
[SourceTitle "playchess.com"]
[Source "ChessBase"]
[SourceQuality "1"]
[TimeControl "5400+30"]

1. e4 e5 2. Nf3 Nc6 3. Bb5 g6 4. c3 Bg7 5. d4 exd4 6. cxd4 a6 7. Ba4 b5 8. Bc2 Nge7 9. d5 Na5 10. Bd2 c5 11. Bc3 Bxc3+ 12. Nxc3 d6 13. h3 O-O 14. O-O Nc4 15. Qc1 f6 16. Nd2 Nb6 17. a4 b4 18. Nd1 a5 19. Bd3 g5 20. Ne3 Ng6 21. Ndc4 Nxc4 22. Nxc4 Ra7 23. Qd2 Rg7 24. Rfe1 h5 25. Bf1 Ne5 26. Re3 Ng6 27. b3 Kf7 28. Be2 Rh8 29. Qd1 g4 30. g3 Ba6 31. h4 Bxc4 32. Bxc4 Ne5 33. Be2 Rf8 34. Kh2 Kg8 35. Qc2 f5 36. exf5 Qf6 37. Rf1 Qxf5 38. Qxf5 Rxf5 39. Kg2 Rgf7 40. Ba6 Rf3 41. Rxe5 dxe5 42. d6 Rd7 43. Rd1 Rf6 44. Bc4+ Kf8 45. Rd5 Rdxd6 46. Rxc5 Rd2 47. Rxa5 Rfxf2+ 48. Kg1 Rg2+ 49. Kf1 Rdf2+ 50. Ke1 e4 51. Re5 Rb2 52. Kf1 Rxg3 53. Rxe4 Rh3 54. Rf4+ Kg7 55. Bd5 Rd3 0-1

[Event "EYCC Open U14 2021"]
[Site "Tornelo"]
[Date "2021.10.15"]
[Round "9.8"]
[White "Klimkowski, Jan"]
[Black "Makridis, Dimitrios"]
[Result "1-0"]
[ECO "B33"]
[WhiteElo "2366"]
[BlackElo "2138"]
[Annotator "ChessBase"]
[PlyCount "95"]
[EventDate "2021.10.15"]
[EventType "swiss"]
[EventCountry "NET"]
[SourceTitle "playchess.com"]
[Source "ChessBase"]
[SourceQuality "1"]
[TimeControl "5400+30"]

1. e4 c5 2. Nf3 Nc6 3. d4 cxd4 4. Nxd4 Nf6 5. Nc3 e5 6. Ndb5 d6 7. Bg5 a6 8. Na3 b5 9. Bxf6 gxf6 10. Nd5 f5 11. g3 Bg7 12. Bg2 f4 13. O-O fxg3 14. fxg3 h5 15. Qf3 Be6 16. c3 Ra7 17. Nc2 h4 18. Nce3 Ne7 19. a4 h3 20. Bh1 Bxd5 21. exd5 O-O 22. Nf5 Qb6+ 23. Rf2 e4 24. Qxe4 Nxf5 25. Qxf5 b4 26. Raf1 Re8 27. Bf3 Rc7 28. Qxh3 bxc3 29. bxc3 Bxc3 30. Kh1 Bg7 31. Bh5 Ree7 32. Qf5 Qa5 33. Rb1 Re1+ 34. Kg2 Rxb1 35. Bxf7+ Rxf7 36. Qxf7+ Kh8 37. Qe8+ Kh7 38. Qe4+ Kh8 39. Qxb1 Qxd5+ 40. Rf3 Qd2+ 41. Kh1 d5 42. Qd3 Qe1+ 43. Rf1 Qe5 44. Qf5 Qe2 45. Rc1 Bc3 46. Qc8+ Kh7 47. Qxc3 Qe4+ 48. Kg1 1-0

[Event "EYCC Open U14 2021"]
[Site "Tornelo"]
[Date "2021.10.15"]
[Round "9.9"]
[White "Ince, Taylan Ruzgar"]
[Black "Valiyev, Shahin"]
[Result "1-0"]
[ECO "E08"]
[WhiteElo "2124"]
[BlackElo "1944"]
[Annotator "NA"]
[PlyCount "91"]
[EventDate "2021.10.15"]
[EventType "swiss"]
[EventCountry "NET"]
[SourceTitle "playchess.com"]
[Source "ChessBase"]
[SourceQuality "1"]
[TimeControl "5400+30"]

1. d4 d5 2. c4 e6 3. Nf3 Nf6 4. g3 Bb4+ 5. Bd2 Be7 6. Bg2 O-O 7. Qc2 c6 8. O-O Nbd7 9. Rd1 b6 10. Bf4 Bb7 11. b3 Qc8 12. Nc3 c5 13. cxd5 cxd4 14. dxe6 fxe6 15. Rxd4 Bc5 16. Rd2 Ng4 17. Nd1 e5 18. Qc4+ Kh8 19. Qe6 Ndf6 20. Qxc8 Raxc8 21. Nxe5 Bxg2 22. Kxg2 Nxe5 23. Bxe5 Ng4 24. Bd4 Bb4 25. Rd3 Rc2 26. h3 Nh6 27. e4 Kg8 28. a3 Be1 29. Be3 Nf7 30. Rd5 Re8 31. Kf1 Bc3 32. Rc1 Rxc1 33. Bxc1 Bf6 34. f3 Rc8 35. Bf4 Rc2 36. Rd2 Rc6 37. Ke2 Nd8 38. Be3 Nb7 39. f4 Na5 40. b4 Nb3 41. Rd3 Rc2+ 42. Kf3 Na1 43. e5 Be7 44. Bd4 Ra2 45. Bxa1 Rxa1 46. Ne3 1-0

[Event "EYCC Open U14 2021"]
[Site "Tornelo"]
[Date "2021.10.15"]
[Round "9.10"]
[White "Magalakis, Stefanos"]
[Black "Prazak, Daniel"]
[Result "1/2-1/2"]
[ECO "A30"]
[WhiteElo "2065"]
[BlackElo "1945"]
[Annotator "ChessBase"]
[PlyCount "83"]
[EventDate "2021.10.15"]
[EventType "swiss"]
[EventCountry "NET"]
[SourceTitle "playchess.com"]
[Source "ChessBase"]
[SourceQuality "1"]
[TimeControl "5400+30"]

1. Nf3 Nf6 2. c4 c5 3. g3 d5 4. cxd5 Nxd5 5. b3 Nc6 6. Bb2 f6 7. Bg2 e5 8. O-O Be6 9. d3 Be7 10. Nbd2 O-O 11. Rc1 Rc8 12. a3 Qd7 13. Re1 Rfd8 14. Ne4 b6 15. Nc3 Nxc3 16. Bxc3 e4 17. Nd2 exd3 18. exd3 Bf5 19. Be4 Bxe4 20. dxe4 Ne5 21. Rc2 c4 22. Bxe5 fxe5 23. Qb1 c3 24. Nc4 Qd4 25. Rcc1 Bg5 26. Ne3 Bxe3 27. fxe3 Qd3 28. Qxd3 Rxd3 29. Rc2 b5 30. Kf2 a5 31. b4 axb4 32. axb4 Rc4 33. Ke2 Rd8 34. Rb1 Rdc8 35. Kd3 Rd8+ 36. Ke2 Ra8 37. Rb3 Rxe4 38. Rcxc3 Ra4 39. Rc5 Rexb4 40. Rxb5 Ra2+ 41. Kf3 e4+ 42. Kg4 1/2-1/2

[Event "EYCC Open U14 2021"]
[Site "Tornelo"]
[Date "2021.10.15"]
[Round "9.11"]
[White "Andreev, Konstantin"]
[Black "Veselov, Yaroslav"]
[Result "0-1"]
[ECO "B90"]
[WhiteElo "2238"]
[BlackElo "1922"]
[Annotator "ChessBase"]
[PlyCount "54"]
[EventDate "2021.10.15"]
[EventType "swiss"]
[EventCountry "NET"]
[SourceTitle "playchess.com"]
[Source "ChessBase"]
[SourceQuality "1"]
[TimeControl "5400+30"]

1. e4 c5 2. Nf3 d6 3. d4 cxd4 4. Nxd4 Nf6 5. Nc3 a6 6. h4 e5 7. Nb3 Be6 8. f4 exf4 9. Bxf4 Nc6 10. Qd2 Ng4 11. O-O-O Nce5 12. Rg1 Be7 13. Be2 O-O 14. Nd4 Bxh4 15. g3 Be7 16. Nf5 Bf6 17. Bxg4 Nxg4 18. Qe2 h5 19. Rxd6 Qa5 20. Qd2 Rac8 21. Nd5 Qxa2 22. Nxf6+ Nxf6 23. Ne7+ Kh8 24. Qd4 Rc4 25. Qb6 Nxe4 26. Kd1 Bg4+ 27. Ke1 Qb1+ 0-1

[Event "EYCC Open U14 2021"]
[Site "Tornelo"]
[Date "2021.10.15"]
[Round "9.12"]
[White "Gasanov, Vadim"]
[Black "Ramaj, Ergit"]
[Result "1-0"]
[ECO "B77"]
[WhiteElo "2027"]
[BlackElo "1678"]
[Annotator "NA"]
[PlyCount "141"]
[EventDate "2021.10.15"]
[EventType "swiss"]
[EventCountry "NET"]
[SourceTitle "playchess.com"]
[Source "ChessBase"]
[SourceQuality "1"]
[TimeControl "5400+30"]

1. e4 c5 2. Nf3 d6 3. d4 cxd4 4. Nxd4 Nf6 5. Nc3 g6 6. Be3 Bg7 7. f3 O-O 8. Bc4 Nc6 9. Qd2 Nxd4 10. Bxd4 Be6 11. Bb3 Qa5 12. O-O-O b5 13. Kb1 b4 14. Nd5 Bxd5 15. Bxd5 Nxd5 16. Bxg7 Nc3+ 17. Bxc3 bxc3 18. Qxc3 Qxc3 19. bxc3 Rfc8 20. Rd3 Rc5 21. Re1 Rac8 22. Ree3 Rb8+ 23. Ka1 Rbc8 24. a3 h5 25. f4 f6 26. g3 R8c6 27. Ka2 Kf7 28. Rf3 Rc7 29. h3 g5 30. fxg5 Rxg5 31. Rd5 Rxd5 $14 32. exd5 Rc5 33. Rd3 e6 34. dxe6+ Kxe6 35. a4 a5 36. Kb3 f5 37. c4 Re5 38. c3 Kd7 39. Rd5 Kc6 40. Rb5 Kc7 41. h4 Rc5 42. Kc2 Kd7 43. Kd3 Ke6 44. Rb8 f4 45. gxf4 Kf5 46. Rb6 Kxf4 47. Rxd6 Kg4 48. Rd4+ Kg3 49. Rd5 Rc7 50. Rxh5 Kg4 51. Rxa5 Kxh4 52. c5 Kg5 53. Kc4 Kf6 54. Ra6+ Ke7 55. Kb5 Kd7 56. Rb6 Ra7 57. a5 Kc7 58. a6 Kc8 59. Rc6+ Kb8 60. Rh6 Rg7 61. Rd6 Ka7 62. Rb6 Rg1 63. Rb7+ Ka8 64. Rh7 Rb1+ 65. Kc6 Rb8 66. Kd6 Rd8+ 67. Rd7 Rh8 68. c6 Rh6+ 69. Kc5 Rh8 70. c7 Rh5+ 71. Rd5 1-0